 Dungeon Crawl Stone Soup version 0.29-a0-90-gc37658a0fe (webtiles) character file.

Game seed: 17451727582273847323

1 lordive the Grasshopper (level 1, -1/22 HPs)
             Began as an Ogre Warper on Feb 7, 2022.
             Slain by a jackal (2 damage)
             ... on level 1 of the Dungeon.
             The game lasted 00:00:13 (36 turns).

lordive the Grasshopper (Ogre Warper)                 Turns: 36, Time: 00:00:14

Health: -1/22      AC:  3    Str: 14    XL:     1   Next: 20%
Magic:  3/3        EV:  9    Int: 14    God:
Gold:   0          SH:  0    Dex:  8    Spells: 4/4 levels left

rFire   . . .      SeeInvis .   a - +0 mace
rCold   . . .      Faith    .   (no shield)
rNeg    . . .      Spirit   .   b - +0 robe
rPois   .          Reflect  .   (helmet restricted)
rElec   .          Harm     .   (no cloak)
rCorr   .          Rampage  .   (gloves unavailable)
Will    .....                   (boots unavailable)
Stlth   +.........              (no amulet)
HPRegen 0.07/turn               (no ring)
MPRegen 0.08/turn               (no ring)

@: no status effects
A: large, unfitting armour, tough skin 1
a: no special abilities


You were on level 1 of the Dungeon.
You visited 1 branch of the dungeon, and saw 1 of its levels.

Inventory:

Hand Weapons
 a - a +0 mace (weapon)
Missiles
 d - 5 boomerangs of dispersal (quivered)
Armour
 b - a +0 robe (worn)
Scrolls
 c - a scroll of blinking


   Skills:
 + Level 2.6 Fighting
 + Level 1.7 Maces & Flails
 + Level 1.0 Throwing
 + Level 2.1 Dodging
 + Level 2.4 Spellcasting
 * Level 2.8 Translocations


You had 4 spell levels left.
You didn't know any spells.
Your spell library contained the following spells:

 Spells                   Type           Power      Damage    Failure   Level
 Blink                    Tloc           18%        N/A       11%         2
 Gell's Gravitas          Tloc           9%         N/A       22%         3
 Lesser Beckoning         Tloc           9%         N/A       22%         3
 Teleport Other           Tloc           9%         N/A       22%         3
 Manifold Assault         Tloc           9%         N/A       90%         5


Dungeon Overview and Level Annotations

Branches:
Dungeon (1/15)

Altars:


Innate Abilities, Weirdness & Mutations

You are too large for most types of armour.
You have tough skin. (AC +1)


Message History

The jackal barks!
You hit the jackal but do no damage.
You hear a bark!
A jackal comes into view.
The jackal bites you.
The jackal bites you but does no damage.
You hit the jackal but do no damage. The jackal bites you.
The jackal misses you.
You hit the jackal.
The jackal is moderately wounded.
You hit the endoplasm.
The endoplasm is severely wounded.
The jackal bites you. x2; The endoplasm barely misses you.
You hit the endoplasm.
The endoplasm is almost dead.
The jackal bites you. The endoplasm hits you. The jackal barely misses you.
You hit the endoplasm.
You kill the endoplasm!
The jackal bites you but does no damage.
The jackal closely misses you.
You closely miss the jackal. The jackal bites you.
An endoplasm comes into view.
The jackal bites you but does no damage.
Unknown command.
The jackal bites you.
The jackal bites you but does no damage.
You closely miss the jackal. The jackal bites you.
The jackal closely misses you.
You closely miss the jackal. The jackal bites you.
* * * LOW HITPOINT WARNING * * *
The jackal bites you.
* * * LOW HITPOINT WARNING * * *
You hit the jackal but do no damage. The jackal bites you.
* * * LOW HITPOINT WARNING * * *
The jackal bites you.
* * * LOW HITPOINT WARNING * * *
You hit the jackal.
The jackal is almost dead.
The jackal bites you.
You die...

######### # ##
##### #<.#..#.##.
.##.....
##..##..#.##....#..
#..##.#.#...#....##
.
#...#.###.#.....#.#
.
####.#...#..#...#.
.# ######.#hh.#
.##.##
##h#..##...[...
#@##.J=...##...
#.#..#......#
.##...#hh##...
#.#..#..##..#
.##..##. ....
..#.#. #. ##..
.##.## ..# . #. .
.. ###


You could see 3 jackals.

Vanquished Creatures
  An endoplasm (D:1)
1 creature vanquished.

Notes
Turn   | Place    | Note
-------+----------+-------------------------------------------
     0 | D:1      | lordive the Ogre Warper began the quest for the Orb.
     0 | D:1      | Reached XP level 1. HP: 22/22 MP: 3/3
    35 | D:1      | HP: 1/22 [jackal (2)]
    36 | D:1      | Slain by a jackal

Illustrated notes

Levels and vault maps discovered:
D:1:      erik_arrival_cave_to_civilisation [erik_arrival_cave_to_hall],
          layout_basic, chequers_ecumenical_altar_island

Action                   || total
-------------------------++-------
Melee: Mace              ||    11
Armor: Robe              ||     4
Dodge: Dodged            ||     5

Table legend: (Time is in decaauts)
 A = Elapsed time spent in this place.
 B = Non-inter-level travel time spent in this place.
 C = Inter-level travel time spent in this place.
 D = Time resting spent in this place.
 E = Time spent auto-exploring this place.
 F = Levels seen in this place.
 G = Mean time per level.
                   A        B        C        D        E       F      G
               +--------+--------+--------+--------+--------+-----+--------+
         Total |     39 |     39 |      0 |      0 |     17 |   1 |   39.0 |
       Dungeon |     39 |     39 |      0 |      0 |     17 |   1 |   39.0 |
               +--------+--------+--------+--------+--------+-----+--------+

Top non-repeatable levels by time:
     D:1: 39 daAuts
